 Dungeon Crawl Stone Soup version 0.32-a0-898-g7811c86cf0 (webtiles) character file.

Game seed: 5581351144400908246

128 KennySheep the Sneak (level 4, -1/38 HPs)
             Began as an Armataur Delver on Apr 5, 2024.
             Was an Initiate of Cheibriados.
             Slain by an orc
             ... wielding a +0 flail
              (6 damage)
             ... on level 4 of the Dungeon.
             The game lasted 00:13:55 (3785 turns).

KennySheep the Sneak (Armataur Delver)              Turns: 3785, Time: 00:13:56

Health: -1/38      AC:  5    Str: 18    XL:     4   Next: 86%
Magic:  4/4        EV:  8    Int: 12    God:    Cheibriados [......]
Gold:   122        SH:  0    Dex: 14    Spells: 3/3 levels left

rFire   . . .        i - +1 dagger (venom)
rCold   . . .        (no shield)
rNeg    . . .        b - +0 leather armour
rPois   .            e - +0 helmet
rElec   .            (no cloak)
rCorr   .            (no gloves)
SInv    +            (no barding)
Will    .....        r - amulet of faith
Stlth   +++          o - ring of see invisible
HPRegen 0.26/turn    (no ring)
MPRegen 0.09/turn

%: roll, faith
@: very slow
A: large, deformed body, tough skin 3, armoured tail, rollpage 1
a: Renounce Religion


You were on level 4 of the Dungeon.
You worshipped Cheibriados.
Cheibriados was noncommittal.
You visited 2 branches of the dungeon, and saw 6 of its levels.

You collected 122 gold pieces.

Inventory:

Hand Weapons
 a - a +0 short sword
 i - a +1 dagger of venom (weapon)
 m - a +0 dagger
Armour
 b - a +0 leather armour (worn)
 e - a +0 helmet (worn)
Jewellery
 l - a +6 ring of dexterity
 o - a ring of see invisible (left hand)
 r - an amulet of faith (around neck)
Wands
 g - a wand of digging (3)
Scrolls
 c - a scroll of fog
 k - a scroll of enchant armour {unknown}
 n - a scroll of summoning {unknown}
 p - a scroll of identify {unknown}
 q - a scroll of enchant weapon {unknown}
Potions
 d - a potion of mutation {unknown}
 f - a potion of attraction {unknown}
 h - a potion of enlightenment
 j - a potion of lignification
 s - a potion of curing


   Skills:
 + Level 3.3 Fighting
 * Level 3.2 Short Blades
 - Level 1.3 Dodging
 * Level 6.5 Stealth


You had 3 spell levels left.
You didn't know any spells.
Your spell library contained the following spells:

 Spells                   Type           Power      Damage    Failure   Level
 Shock                    Conj/Air       0%         1d3       36%         1
 Slow                     Hex            0%         N/A       36%         1
 Scorch                   Fire           0%         2d5       52%         2
 Confusing Touch          Hex            0%         N/A       75%         3
 Swiftness                Air            0%         N/A       75%         3
 Vampiric Draining        Necr           0%         2d6       75%         3
 Airstrike                Air            0%         2d(0-16)  98%         4
 Flame Wave               Conj/Fire      0%         2d4       98%         4
 Summon Cactus Giant      Summ           0%         N/A       100%        6


Dungeon Overview and Level Annotations

Branches:
Dungeon (5/15)             Temple (1/1) D:4

Altars:
Cheibriados
Dithmenos
Elyvilon
Kikubaaqudgha
Qazlal
Ru
Sif Muna
Trog
Vehumet
Xom
Yredelemnul
Zin
The Shining One

Shops:
D:2 =

Annotations:
D:3 exclusion: ogre


Innate Abilities, Weirdness & Mutations

Armour fits poorly on your strangely shaped body.
You have extremely tough skin. (AC +3)
You have a long armoured tail.
You regenerate magic when rolling toward enemies. (Rampage MPRegen)


Message History

The sleepcap releases spores at you.
The orc wizard hits you with a +0 dagger.
You hit the sleepcap but do no damage. You tail-slap the sleepcap!
The sleepcap is severely damaged.
The sleepcap barely misses you.
You closely miss the orc wizard. The orc wizard barely misses you.
The sleepcap barely misses you.
You hit the orc wizard but do no damage.
The orc wizard is poisoned.
The orc wizard barely misses you. The sleepcap misses you.
You hit the sleepcap but do no damage.
The sleepcap is severely damaged.
The orc wizard barely misses you. The sleepcap releases spores at you.
You are engulfed in a cloud of soporific spores!
You fall asleep.
The orc wizard hits you with a +0 dagger!
You wake up.
* * * LOW HITPOINT WARNING * * *
The sleepcap completely misses you.
Okay, then.
You hit the sleepcap but do no damage.
The sleepcap looks as sick as possible!
You tail-slap the sleepcap.
The sleepcap is almost destroyed.
The orc wizard looks more healthy.
The orc hits you but does no damage. The orc wizard closely misses you.
Okay, then.
You hit the sleepcap but do no damage.
The sleepcap is almost destroyed.
The sleepcap releases spores at you!
* * * LOW HITPOINT WARNING * * *
The orc barely misses you.
You feel better.
You destroy the sleepcap!
Cheibriados appreciates the change of pace.
The orc wizard points at you and mumbles some strange words.
The puff of flame hits you!
* * * LOW HITPOINT WARNING * * *
The orc hits you with a +0 flail.
You die...
Cheibriados appreciates the motionlessness of death.

.....≈~≈~.#≈~.~.## #.#
..###.≈.~.~...~.# ###
...##...~~.♣.♣~.##
#....~#.≈.≈~≈~...######
##...≈.....≈.~~.....).#
#......~...~.##.....#
#...........####..##
.......<.....##..#
..###.....?.@....#
####...oo....#
#.........# #.........#
#..###....###
#..##.......#
#........ß⌠.###
..............#
."#.......ß⌠o>)#


You could see an orc wizard and an orc.

Vanquished Creatures
  A bombardier beetle (D:4)
  A sleepcap (D:4)
  2 adders
  3 dart slugs
  2 ribbon worms
  2 orcs
  3 ball pythons
  9 bats
  7 endoplasms
  2 giant cockroaches
  9 goblins
  2 hobgoblins (D:2)
  2 jackals (D:3)
  6 kobolds
  A quokka (D:1)
  A frilled lizard (D:1)
  10 rats
63 creatures vanquished.

Notes
Turn   | Place    | Note
-------+----------+-------------------------------------------
     0 | D:5      | KennySheep the Armataur Delver began the quest for the Orb.
     0 | D:5      | Reached XP level 1. HP: 18/18 MP: 1/1
    28 | D:4      | Noticed an orc wizard
    28 | D:4      | Found a staircase to the Ecumenical Temple.
    32 | D:5      | Noticed an ice beast
    32 | D:5      | Found a basalt altar of Yredelemnul.
    46 | D:5      | Noticed an iguana
    46 | D:5      | Noticed an iguana
    49 | D:5      | Noticed a phantom
    77 | D:4      | Reached XP level 2. HP: 25/25 MP: 2/2
   321 | D:4      | Noticed an ogre
   387 | D:3      | Noticed an ogre
   712 | D:1      | Reached XP level 3. HP: 26/30 MP: 3/3
   850 | D:1      | Reached skill level 6 in Stealth
  1843 | D:2      | Found Hueps's Jewellery Boutique.
  1883 | D:2      | Reached XP level 4. HP: 36/38 MP: 4/4
  3279 | D:3      | Found a faded altar of an unknown god.
  3435 | Temple   | Entered the Ecumenical Temple
  3449 | Temple   | Became a worshipper of Cheibriados the Contemplative
  3785 | D:4      | Slain by an orc

Illustrated notes

Levels and vault maps discovered:
D:1:      dpeg_arrival_concentric_ovals, layout_basic
D:2:      layout_loops_corners, serial_shops, shop, serial_glass,
          glass_columns_a, glass_columns_a
D:3:      layout_loops_ring, shapermc_ecumenical_altar_ellora, chequers_garden
D:4:      minmay_diamond_boxcup, layout_layer_cave,
          minmay_temple_entry_drinking_statues, chequers_serial_rivers_marsh,
          minmay_misc_feat_enclosed
D:5:      dreamdust_elfheim, layout_loops_cross, fedhas_altar_decomposition,
          jmf_multi_god_temple2, chequers_arboretum
Temple:   hellmonk_temple_flake

Skill      XL: |  1  2  3  4 |
---------------+-------------+-----
Short Blades   | 2 3 |  3.2
Stealth        | 6 |  6.5
Fighting       | 3 |  3.3
Dodging        | |  1.3

Action                     |  1- 3 |  4- 6 || total
---------------------------+-------+-------++-------
  Melee: Short sword       |    84 |       ||    84
         Tailslap          |    15 |    15 ||    30
         Dagger            |    54 |   107 ||   161
    Use: Scroll            |     4 |     1 ||     5
         Potion            |     2 |     5 ||     7
   Stab: Sleeping          |    12 |     5 ||    17
         Distracted        |       |     1 ||     1
 Armour: Leather armour    |    79 |    74 ||   153
  Dodge: Dodged            |    63 |    45 ||   108

Table legend: (Time is in decaauts)
 A = Elapsed time spent in this place.
 B = Non-inter-level travel time spent in this place.
 C = Inter-level travel time spent in this place.
 D = Time resting spent in this place.
 E = Time spent auto-exploring this place.
 F = Levels seen in this place.
 G = Mean time per level.
                   A        B        C        D        E       F      G
               +--------+--------+--------+--------+--------+-----+--------+
         Total |   3793 |   3567 |    226 |    708 |   1968 |   6 |  632.2 |
       Dungeon |   3765 |   3552 |    213 |    708 |   1968 |   5 |  753.0 |
        Temple |     27 |     15 |     12 |      0 |      0 |   1 |   27.0 |
               +--------+--------+--------+--------+--------+-----+--------+

Top non-repeatable levels by time:
     D:3: 1284 daAuts
     D:2: 867 daAuts
     D:4: 797 daAuts
     D:1: 752 daAuts
     D:5: 63 daAuts
  Temple: 27 daAuts
